 Dungeon Crawl Stone Soup version 0.29-a0-330-g52719c12eb (webtiles) character file.

Game seed: 15396285368968234519

333 HoaS the Quickloader (level 6, -3/33 (35) HPs)
             Began as a Kobold Hunter on May 21, 2022.
             Splashed by a jelly's acid (8 damage)
             ... on level 5 of the Dungeon.
             The game lasted 00:07:03 (3899 turns).

HoaS the Quickloader (Kobold Hunter)                Turns: 3899, Time: 00:07:04

HP:   -3/33 (35)    AC:  2    Str:  8    XL:     6   Next: 83%
MP:   6/6           EV: 14    Int: 11    God:
Gold: 175           SH:  0    Dex: 20    Spells: 5/5 levels left

rFire   . . .      SeeInvis .   a - +1 hand crossbow
rCold   . . .      Faith    .   (no shield)
rNeg    . . .      Spirit   .   b - +0 leather armour
rPois   .          Reflect  .   (no helmet)
rElec   .          Harm     .   i - +1 cloak
rCorr   .          Rampage  .   e - +0 pair of gloves
Will    .....                   (no boots)
Stlth   +++.......              (no amulet)
HPRegen 0.11/turn               (no ring)
MPRegen 0.10/turn               (no ring)

@: corroded, drained
A: small, no large weapons, nightstalker 3
a: no special abilities


You were on level 5 of the Dungeon.
You visited 1 branch of the dungeon, and saw 5 of its levels.

You collected 175 gold pieces.

Inventory:

Hand Weapons
 a - a +1 hand crossbow (weapon)
Armour
 b - a +0 leather armour (worn)
 e - a +0 pair of gloves (worn)
 i - a +1 cloak (worn)
Scrolls
 c - 2 scrolls of immolation
Potions
 d - a potion of brilliance {unknown}
 f - 2 potions of curing
 g - 2 potions of might {unknown}
 h - a potion of cancellation {unknown}
 j - 2 potions of attraction {unknown}
 k - a potion of invisibility {unknown}


   Skills:
 * Level 2.2 Fighting
 - Level 10.0 Crossbows
 + Level 2.4 Dodging
 + Level 1.4 Stealth


You had 5 spell levels left.
You didn't know any spells.
Your spell library contained the following spells:

 Spells                   Type           Power      Damage    Failure   Level
 Foxfire                  Conj/Fire      0%         2x1d4     45%         1
 Conjure Flame            Conj/Fire      0%         6-21      83%         3
 Inner Flame              Hex/Fire       0%         N/A       83%         3
 Cause Fear               Hex            0%         N/A       99%         4
 Flame Wave               Conj/Fire      0%         2d4       99%         4
 Discord                  Hex            0%         N/A       100%        8


Dungeon Overview and Level Annotations

Branches:
Dungeon (5/15)
 Temple: D:4-7

Altars:

Shops:
D:2 *


Innate Abilities, Weirdness & Mutations

You are small and have problems with some larger weapons.
You are completely attuned to the shadows.


Message History

The black bear misses you.
You shoot a bolt. The bolt closely misses the black bear.
The black bear misses you. x2; The black bear claws you.
You shoot a bolt. The bolt hits the black bear.
The black bear is moderately wounded.
The jelly barely misses you. The black bear barely misses you.
The black bear claws you but does no damage.
The black bear claws you. The black bear barely misses you. x2
The black bear misses you. The jelly closely misses you.
You shoot a bolt.
The bolt completely misses the black bear.
The jelly closely misses you. The black bear barely misses you.
The black bear claws you but does no damage.
The black bear claws you.
You shoot a bolt. The bolt closely misses the black bear.
The jelly misses you.
The black bear bites you but does no damage.
The black bear closely misses you. x2
You shoot a bolt. The bolt barely misses the black bear.
The jelly hits you. The acid corrodes you!
You are splashed with acid.
The black bear bites you.
The black bear completely misses you. x2
You are too injured to fight recklessly!
You are too injured to fight recklessly!
You are too injured to fight recklessly!
The jelly attacks as you move away! The jelly hits you.
You are splashed with acid!
* * * LOW HITPOINT WARNING * * *
There is a stone staircase leading down here.
The jelly barely misses you.
You climb downwards.
You hear the sound of rushing water.
There is an entrance to a sewer on this level.
Hurry and find it before the portal rusts away!
There is a stone staircase leading up here.
Shoot: a) +1 hand crossbow
Press: ? - help, Q - select action Shift-Dir - straight line, f - jelly
Aim: a jelly (92% to hit)
You shoot a bolt. The bolt completely misses the jelly.
The jelly hits you.
* * * LOW HITPOINT WARNING * * *
You are splashed with acid!
You die...

##.
#..
##.#
#@#
#..J##
#.## #


You could see a jelly.

Vanquished Creatures
  A hound (D:4)
  An orc priest (D:4)
  Crazy Yiuf (D:3)
  An orc wizard (D:4)
  2 hound zombies (D:3)
  A gnoll (D:4)
  A howler monkey skeleton (D:3)
  4 adders
  An adder skeleton (D:3)
  4 adder zombies (D:3)
  3 dart slugs
  7 orcs
  4 bats
  9 endoplasms
  A giant cockroach (D:4)
  11 goblins
  13 hobgoblins
  7 jackals
  6 quokkas
  13 ball pythons
  A ball python skeleton (D:3)
  A ball python zombie (D:3)
  6 frilled lizards
  9 kobolds
  A quokka skeleton (D:3)
  3 rats
112 creatures vanquished.

Vanquished Creatures (others)
  A withered plant (D:3)
1 creature vanquished.

Grand Total: 113 creatures vanquished

Notes
Turn   | Place    | Note
-------+----------+-------------------------------------------
     0 | D:1      | HoaS the Kobold Hunter began the quest for the Orb.
     0 | D:1      | Reached XP level 1. HP: 12/12 MP: 1/1
    76 | D:1      | Reached XP level 2. HP: 10/17 MP: 2/2
    88 | D:1      | Reached skill level 6 in Crossbows
   547 | D:1      | Reached XP level 3. HP: 21/21 MP: 3/3
   605 | D:1      | Found a faded altar of an unknown god.
   962 | D:1      | Reached skill level 7 in Crossbows
  1253 | D:2      | Reached XP level 4. HP: 26/26 MP: 4/4
  1470 | D:2      | Found Iculaos's General Store.
  2211 | D:3      | Reached XP level 5. HP: 30/30 MP: 5/5
  2264 | D:3      | Reached skill level 8 in Crossbows
  2554 | D:3      | Found a runed translucent door.
  2557 | D:3      | Noticed Crazy Yiuf
  2878 | D:3      | Killed Crazy Yiuf
  2879 | D:3      | Reached skill level 9 in Crossbows
  2879 | D:3      | Reached XP level 6. HP: 11/35 MP: 6/6
  3708 | D:4      | Reached skill level 10 in Crossbows
  3885 | D:4      | Noticed a black bear
  3898 | D:5      | Entered Level 5 of the Dungeon
  3899 | D:5      | Splashed by a jelly's acid

Illustrated notes

Levels and vault maps discovered:
D:1:      lightli_arrival_windingriver, layout_loops_ring,
          shapermc_ecumenical_altar_notcrosses, minmay_domino_4
D:2:      layout_basic, serial_shops, nicolae_shop_stone, minivault_26
D:3:      layout_loops_ring, serial_undead, serial_undead_f, serial_undead_b,
          serial_undead_d, serial_undead_e, serial_undead_f, serial_undead_a,
          serial_undead_d, serial_undead_c, uniq_crazy_yiuf_cottage
D:4:      minmay_recursive_quarters, layout_basic,
          mainiacjoe_overflow_cross_hatched, enter_ossuary_5
D:5:      layout_loops_ring, mainiacjoe_overflow_chevrons,
          gup_sewer_entry_spiral, serial_shops, nicolae_shop_advertising_works
          [nicolae_subvault_shop_adworks], chequers_serial_rivers_micro_c,
          chequers_arboretum, minmay_misc_feat_enclosed, moated_statue,
          serial_bayou_lagoon_b

Skill      XL: |  1  2  3  4  5  6 |
---------------+-------------------+-----
Crossbows      | 6 7 9 10 | 10.0
Fighting       | |  2.2
Dodging        | |  2.4
Stealth        | |  1.4

Action                   |  1- 3 |  4- 6 || total
-------------------------+-------+-------++-------
Melee: Unarmed           |       |    11 ||    11
 Fire: Hand crossbow     |    83 |   204 ||   287
  Use: Scroll            |     1 |     6 ||     7
       Potion            |       |     3 ||     3
Armor: Leather armour    |     6 |    30 ||    36
Dodge: Dodged            |    17 |    85 ||   102

Table legend: (Time is in decaauts)
 A = Elapsed time spent in this place.
 B = Non-inter-level travel time spent in this place.
 C = Inter-level travel time spent in this place.
 D = Time resting spent in this place.
 E = Time spent auto-exploring this place.
 F = Levels seen in this place.
 G = Mean time per level.
                   A        B        C        D        E       F      G
               +--------+--------+--------+--------+--------+-----+--------+
         Total |   3945 |   3839 |    106 |    915 |   2379 |   5 |  789.0 |
       Dungeon |   3945 |   3839 |    106 |    915 |   2379 |   5 |  789.0 |
               +--------+--------+--------+--------+--------+-----+--------+

Top non-repeatable levels by time:
     D:1: 1236 daAuts
     D:3: 1217 daAuts
     D:2: 867 daAuts
     D:4: 624 daAuts
     D:5: 0 daAuts
